 Dungeon Crawl Stone Soup version 0.28-a0-533-g9f97627e2a (webtiles) character file.

Game seed: 15750609923356990483

7 Crimsonway the Grave Robber (level 1, 0/13 HPs)
             Began as a Demonspawn Necromancer on Sept 25, 2021.
             Slain by a jackal (2 damage)
             ... on level 1 of the Dungeon.
             The game lasted 00:05:43 (493 turns).

Crimsonway the Grave Robber (Demonspawn Necromancer) Turns: 493, Time: 00:05:43

Health: 0/13       AC:  3    Str:  8    XL:     1   Next: 83%
Magic:  0/3        EV: 12    Int: 16    God:
Gold:   27         SH:  0    Dex: 13    Spells: 3/4 levels left

rFire   . . .      SeeInvis .   c - +0 short sword
rCold   . . .      Faith    .   (no shield)
rNeg    . . .      Spirit   .   a - +0 robe
rPois   .          Reflect  .   f - +0 helmet
rElec   .          Harm     .   (no cloak)
rCorr   .          Rampage  .   (no gloves)
Will    .....                   (no boots)
Stlth   ++........              (no amulet)
HPRegen 0.04/turn               (no ring)
MPRegen 0.08/turn               (no ring)

@: no status effects
A: no striking features
a: no special abilities


You were on level 1 of the Dungeon.
You visited 1 branch of the dungeon, and saw 1 of its levels.

You collected 27 gold pieces.

Inventory:

Hand Weapons
 c - a +0 short sword (weapon)
 e - a +0 dagger
 g - a +0 short sword
 h - a +0 dagger
Missiles
 b - 19 bolts
 d - 43 stones
Armour
 a - a +0 robe (worn)
 f - a +0 helmet (worn)


   Skills:
 + Level 1.8 Dodging
 + Level 1.8 Stealth
 + Level 2.1 Spellcasting
 + Level 4.7 Necromancy


You had 3 spell levels left.
You knew the following spells:

 Your Spells              Type           Power      Damage    Failure   Level
a - Pain                  Necr           64%        1d7       3%          1

Your spell library contained the following spells:

 Spells                   Type           Power      Damage    Failure   Level
 Animate Skeleton         Necr           32%        N/A       3%          1
 Vampiric Draining        Necr           8%         2d7       9%          3
 Animate Dead             Necr           8%         N/A       28%         4
 Agony                    Necr           16%        N/A       63%         5


Dungeon Overview and Level Annotations

Branches:
Dungeon (1/15)

Altars:


Message History

Found 3 gold pieces.
You see here a +0 short sword.
g - a +0 short sword A goblin comes into view.
It is wielding a +0 dagger.
Found 9 gold pieces.
The goblin shouts!
You see here 3 gold pieces.
You see here 3 gold pieces.
You now have 27 gold pieces (gained 3).
Aiming: Pain (safe; 3% risk of failure)
Press: ? - help, Q - select action, (/) - cycle Shift-Dir - straight line, f - goblin
Aim: a goblin, wielding a +0 dagger (chance to affect: 87%)
The goblin writhes in agony.
The goblin barely misses you.
Aiming: Pain (safe; 3% risk of failure)
Press: ? - help, Q - select action, (/) - cycle Shift-Dir - straight line, f/p - goblin
Aim: a goblin, wielding a +0 dagger (moderately wounded, chance to affect: 87%)
The goblin writhes in agony.
You kill the goblin!
You see here a +0 dagger.
h - a +0 dagger A jackal comes into view.
A jackal comes into view.
The jackal moves out of view.
A jackal comes into view.
Aiming: Pain (safe; 3% risk of failure)
Press: ? - help, Q - select action, (/) - cycle Shift-Dir - straight line, f - jackal
Aim: a jackal (wandering, hasn't noticed you, chance to affect: 87%)
The jackal writhes in agony.
Aiming: Pain (safe; 3% risk of failure)
Press: ? - help, Q - select action, (/) - cycle Shift-Dir - straight line, f/p - jackal
Aim: a jackal (moderately wounded, chance to affect: 87%)
The jackal writhes in agony.
The jackal bites you.
* * * LOW HITPOINT WARNING * * *
Unknown command.
You don't have enough magic to cast this spell.
The jackal closely misses you. The jackal bites you.
You die...

##.....## #.....##.......##
#.....#.........#
#.....#.........#
#.....#.........#
#.....#.........###
#.....#.........#.#
#.....#...........#######
#.........h@......†.....#
#...............#.....#.####
#...............#.###.......
...######.........#.#
##.##### h. ##.......#..#
#.# . ..........## #..####
............ .......
#.....$..#### .###... #.
#....


You could see a jackal.

Vanquished Creatures
  A giant cockroach (D:1)
  A goblin (D:1)
  A quokka (D:1)
  A ball python (D:1)
  2 kobolds (D:1)
  A rat (D:1)
7 creatures vanquished.

Notes
Turn   | Place    | Note
-------+----------+-------------------------------------------
     0 | D:1      | Crimsonway the Demonspawn Necromancer began the quest for
                  | the Orb.
     0 | D:1      | Reached XP level 1. HP: 13/13 MP: 3/3
   493 | D:1      | Slain by a jackal

Illustrated notes

Levels and vault maps discovered:
D:1:      elethiomel_arrival_infinity_welcomes_careful_drivers, layout_rooms,
          nrook_campfire, minmay_stone_trees_medium

Action                   || total
-------------------------++-------
Melee: Unarmed           ||     8
       Short sword       ||     2
 Cast: Pain              ||    17
  Use: Scroll            ||     2
Armor: Robe              ||    12
Dodge: Dodged            ||    17

Table legend: (Time is in decaauts)
 A = Elapsed time spent in this place.
 B = Non-inter-level travel time spent in this place.
 C = Inter-level travel time spent in this place.
 D = Time resting spent in this place.
 E = Time spent auto-exploring this place.
 F = Levels seen in this place.
 G = Mean time per level.
                   A        B        C        D        E       F      G
               +--------+--------+--------+--------+--------+-----+--------+
         Total |    492 |    492 |      0 |      0 |      0 |   1 |  492.0 |
       Dungeon |    492 |    492 |      0 |      0 |      0 |   1 |  492.0 |
               +--------+--------+--------+--------+--------+-----+--------+

Top non-repeatable levels by time:
     D:1: 492 daAuts
